 Dungeon Crawl Stone Soup version 0.20-a0-641-g673355a (webtiles) character file.

7193 Kidiri the Thaumaturge (level 10, 0/56 HPs)
             Began as a Deep Elf Fire Elementalist on Feb 13, 2017.
             Was a Priest of Vehumet.
             Slain by an efreet
             ... wielding a +3 scimitar of flaming
              (21 damage)
             ... on level 10 of the Dungeon.
             The game lasted 00:40:17 (9154 turns).

Kidiri the Thaumaturge (Deep Elf Fire Elementalist) Turns: 9154, Time: 00:40:17

Health: 0/56       AC: 12    Str:  7    XL:     10   Next: 87%
Magic:  22/27      EV: 16    Int: 24    God:    Vehumet [***...]
Gold:   243        SH:  0    Dex: 15    Spells: 12/32 levels left

rFire    . . .     SeeInvis .   g - +2 dagger
rCold    + . .     Gourm    .   C - +2 robe {rC+}
rNeg     . . .     Faith    .   (no shield)
rPois    +         Spirit   .   j - +2 hat
rElec    +         Reflect  .   d - +1 cloak
rCorr    .         Harm     .   q - +1 pair of gloves
MR       +....     Rnd*Tele +   (no boots)
Stlth    ++........             n - amulet of rage
Regen    0.2/turn               r - ring of wizardry
MPRegen  0.2/turn               m - +2 ring of slaying

@: about to teleport
A: claws 1, hooves 1, iridescent scales 1, mutation resistance 1, poison
resistance, electricity resistance, strong 1, teleportitis 1, wild magic 1
a: Renounce Religion, Evoke Berserk Rage


You were on level 10 of the Dungeon.
You worshipped Vehumet.
Vehumet was most pleased with you.
You were hungry.

You visited 2 branches of the dungeon, and saw 11 of its levels.

You collected 513 gold pieces.
You spent 270 gold pieces at shops.

Inventory:

Hand Weapons
 g - a +2 dagger (weapon)
Armour
 d - a +1 cloak (worn)
 i - a +0 shield
 j - a +2 hat (worn)
 q - a +1 pair of gloves (worn)
 z - a +2 robe of positive energy
 C - a +2 robe of cold resistance (worn)
Jewellery
 m - a +2 ring of slaying (left hand)
 n - an amulet of rage (around neck)
 r - a ring of wizardry (right hand)
Wands
 B - a wand of paralysis (11/24)
 D - a wand of iceblast (5/15)
Scrolls
 o - 2 scrolls of teleportation
 p - 8 scrolls of remove curse
 t - 2 scrolls of amnesia
 u - a scroll of fear
 v - a scroll of fog
 y - 2 scrolls of immolation
Potions
 e - 2 potions of might
 h - 2 potions of curing
 k - 7 potions of berserk rage
 l - a potion of agility
 s - a potion of invisibility
 w - 2 potions of lignification
 E - a potion of haste
 F - 2 potions of brilliance
Books
 b - a book of Flames

   Spells                             Type                      Level
   a - Flame Tongue                   Conjuration/Fire             1
   b - Throw Flame                    Conjuration/Fire             2
   c - Conjure Flame                  Conjuration/Fire             3
   d - Inner Flame                    Hexes/Fire                   3
   e - Sticky Flame                   Conjuration/Fire             4
   f - Fireball                       Conjuration/Fire             5
 A - a book of Cantrips

   Spells                             Type                      Level
   a - Confusing Touch                Hexes                        1
   b - Animate Skeleton               Necromancy                   1
   c - Summon Small Mammal            Summoning                    1
   d - Apportation                    Translocation                1
Comestibles
 c - 6 bread rations
 f - 4 royal jellies
 x - 2 fruits


   Skills:
 + Level 3.7 Fighting
 + Level 4.1 Short Blades
 + Level 3.7 Armour
 + Level 6.2 Dodging
 - Level 2.4 Stealth
 + Level 1.0 Shields
 * Level 11.5 Spellcasting
 + Level 6.3 Conjurations
 + Level 7.1 Fire Magic
 + Level 2.6 Air Magic
 + Level 3.8 Poison Magic
 + Level 5.4 Evocations


You had 12 spell levels left.
You knew the following spells:

 Your Spells              Type           Power        Failure   Level  Hunger
a - Flame Tongue          Conj/Fire      #####        1%          1    None
b - Throw Flame           Conj/Fire      ######       1%          2    None
c - Conjure Flame         Conj/Fire      ######..     1%          3    None
d - Inner Flame           Hex/Fire       #####...     1%          3    None
e - Sticky Flame          Conj/Fire      ######..     1%          4    None
f - Fireball              Conj/Fire      ######....   1%          5    ####...
g - Sting                 Conj/Pois      ####         1%          1    None
h - Shock                 Conj/Air       ####         1%          1    None


Dungeon Overview and Level Annotations

Branches:
Dungeon (10/15)            Temple (1/1) D:4
   Lair: D:8-11         Orc: D:9-12

Altars:
Ashenzari
Cheibriados
Dithmenos
Elyvilon
Fedhas
Gozag
Hepliaklqana
Kikubaaqudgha
Makhleb
Nemelex Xobeh
Okawaru
Qazlal
Ru
Sif Muna
Trog
Uskayaw
Vehumet
Xom
Yredelemnul
Zin
The Shining One

Shops:
D:6 [[?[


Innate Abilities, Weirdness & Mutations

You have sharp fingernails.
You have large cloven feet.
You are partially covered in iridescent scales. (AC +2)
You are somewhat resistant to further mutation.
Your system is resistant to poisons. (rPois)
You are resistant to electric shocks. (rElec)
Your muscles are strong. (Str +2)
You are occasionally teleported next to monsters.
Your spells are a little harder to cast, but a little more powerful.


Message History

Aim: an efreet, wielding a scimitar of flaming (lightly wounded)
The zap hits the efreet.
The efreet is lightly wounded.
Casting: Shock
Confirm with . or Enter, or press ? or * to list all spells.
Aiming: Shock
Press: ? - help, Shift-Dir - straight line, f/p - efreet
Aim: an efreet, wielding a scimitar of flaming (lightly wounded)
The zap hits the efreet.
The efreet is moderately wounded.
The efreet gestures at you.
The fireball explodes!
The fireball engulfs you!
* * * LOW HITPOINT WARNING * * *
The fireball engulfs the efreet.
The efreet completely resists.
As you read the scroll of teleportation, it crumbles to dust.
You feel strangely unstable. The efreet misses you.
Unknown command.
You feel better.
The efreet hits you with a scimitar of flaming!!
You die...

..# ###.. ..### #### ########....
..... #... .#<....#.... ...# #..#
..#.....#.### ...#
#..#...#.....#.# # ...#
#..#...#.....#.# # ...#######.#
#......#.....#.### ...........###
#.R..$.#..##.#....
######.......###@##########.#####
.....#.......#...........#......#
...[.#.......#...........#......#
.....#.......#...........'......#
#....#......(#####.....####.....#
#....#'###############'####.....+
#......................#........#
#......................#........#
+......................#........#


You could see an efreet.

Vanquished Creatures
  Erolcha (D:9)
  A two-headed ogre (D:9)
  Psyche (D:7)
  Joseph (D:9)
  2 hippogriffs
  4 yaks (D:9)
  Eustachio (D:4)
  A hungry ghost (D:9)
  An orc warrior (D:6)
  An ice beast (D:7)
  4 sky beasts
  A black bear (D:8)
  3 ogres
  3 centaurs
  A big kobold (D:8)
  Blork the orc (D:4)
  5 bullfrogs
  2 scorpions
  3 killer bees (D:8)
  3 howler monkeys
  10 wights
  3 crimson imps
  A bullfrog zombie (D:6)
  A centaur zombie (D:7)
  A quasit (D:9)
  8 hounds
  A centaur skeleton (D:8)
  8 orc priests
  3 bullfrog skeletons
  9 orc wizards
  Ijyb (D:2)
  Natasha (thrice) (D:2)
  5 iguanas
  4 worker ants
  A killer bee zombie (D:8)
  A hound zombie (D:5)
  3 hound skeletons
  3 gnolls (D:5)
  13 adders
  2 shadow imps (D:7)
  An adder zombie (D:7)
  2 adder skeletons
  2 worms (D:4)
  5 dart slugs
  5 leopard geckos
  31 orcs
  7 giant cockroaches
  8 goblins
  8 hobgoblins
  2 jackals (D:3)
  2 quokkas (D:3)
  7 bats
  2 frilled lizards
  A jackal skeleton (D:4)
  17 kobolds
  6 rats
227 creatures vanquished.

Notes
Turn   | Place    | Note
-------+----------+-------------------------------------------
     0 | D:1      | Kidiri the Deep Elf Fire Elementalist began the quest for the Orb.
     0 | D:1      | Reached XP level 1. HP: 10/10 MP: 6/6
   323 | D:1      | Reached XP level 2. HP: 15/15 MP: 6/8
   327 | D:1      | Learned a level 2 spell: Throw Flame
   736 | D:2      | Reached skill level 4 in Spellcasting
   754 | D:2      | Reached XP level 3. HP: 19/19 MP: 4/10
   759 | D:2      | Learned a level 3 spell: Conjure Flame
   763 | D:2      | Learned a level 3 spell: Inner Flame
   836 | D:2      | Noticed Ijyb
   845 | D:2      | Killed Ijyb
   940 | D:2      | Noticed Natasha
   941 | D:2      | Reached XP level 4. HP: 24/24 MP: 8/12
   946 | D:2      | Killed Natasha
   946 | D:2      | Reached skill level 5 in Spellcasting
   949 | D:2      | Noticed Natasha
   960 | D:2      | Killed Natasha
   966 | D:2      | Learned a level 4 spell: Sticky Flame
  1126 | D:2      | Noticed Natasha
  1139 | D:2      | Killed Natasha
  1139 | D:2      | Reached XP level 5. HP: 27/28 MP: 2/14
  1292 | D:2      | Found an iron altar of Okawaru.
  1855 | D:3      | Found a shadowy altar of Dithmenos.
  2083 | D:3      | Reached skill level 6 in Spellcasting
  2635 | D:3      | Reached XP level 6. HP: 32/32 MP: 13/17
  3021 | D:4      | Noticed Eustachio
  3273 | D:4      | Reached skill level 7 in Spellcasting
  3290 | D:4      | Reached skill level 1 in Armour
  3290 | D:4      | Reached XP level 7. HP: 37/37 MP: 7/19
  3297 | D:4      | Learned a level 5 spell: Fireball
  3311 | D:4      | Reached skill level 1 in Evocations
  3401 | D:4      | Noticed Blork the orc
  3404 | D:4      | Found a staircase to the Ecumenical Temple.
  3408 | D:4      | Killed Blork the orc
  3427 | Temple   | Entered the Ecumenical Temple
  3575 | D:4      | Found a bloodstained altar of Trog.
  3586 | D:4      | Reached skill level 1 in Fighting
  3586 | D:4      | Reached skill level 5 in Fire Magic
  3656 | D:4      | Found a radiant altar of Vehumet.
  3657 | D:4      | Found a glowing golden altar of the Shining One.
  3662 | D:4      | Became a worshipper of Vehumet
  3768 | D:4      | Reached skill level 1 in Short Blades
  3813 | D:4      | Killed Eustachio
  4050 | D:5      | Entered Level 5 of the Dungeon
  4523 | D:5      | Reached skill level 8 in Spellcasting
  4526 | D:5      | Reached XP level 8. HP: 43/43 MP: 14/22
  4969 | D:6      | Found Cuaxues's Armour Boutique.
  4987 | D:6      | Found Fiuw's Magic Scroll Shoppe.
  5015 | D:6      | Bought a scroll of identify for 24 gold pieces
  5015 | D:6      | Bought a scroll of enchant weapon for 90 gold pieces
  5015 | D:6      | Bought a scroll of identify for 24 gold pieces
  5015 | D:6      | Bought a scroll of identify for 24 gold pieces
  5015 | D:6      | Bought a scroll of amnesia for 42 gold pieces
  5015 | D:6      | Bought a scroll of fear for 42 gold pieces
  5015 | D:6      | Bought a scroll of fog for 24 gold pieces
  5016 | D:6      | Gained mutation: You have an increased reservoir of magic. (+10% MP) [potion of mutation]
  5016 | D:6      | Gained mutation: Your movements are slightly less encumbered by armour. (ER -2) [potion of mutation]
  5017 | D:6      | Lost mutation: Your movements are slightly less encumbered by armour. (ER -2) [potion of mutation]
  5017 | D:6      | Lost mutation: You have an increased reservoir of magic. (+10% MP) [potion of mutation]
  5017 | D:6      | Gained mutation: You have sharp fingernails. [potion of mutation]
  5017 | D:6      | Gained mutation: You are frail. (-10% HP) [potion of mutation]
  5017 | D:6      | Gained mutation: You are occasionally teleported next to monsters. [potion of mutation]
  5017 | D:6      | Gained mutation: Your system is resistant to poisons. (rPois) [potion of mutation]
  5041 | D:6      | Found Irchacun's Antique Armour Emporium.
  5109 | D:6      | Reached * piety under Vehumet
  5109 | D:6      | Offered knowledge of Sting by Vehumet.
  5129 | D:6      | Learned a level 1 spell: Sting
  5269 | D:6      | Found Joigamem's Antique Armour Boutique.
  5535 | D:7      | Reached skill level 9 in Spellcasting
  5778 | D:7      | Reached XP level 9. HP: 40/43 MP: 2/24
  5892 | D:7      | Reached skill level 1 in Poison Magic
  6022 | D:7      | Found a white marble altar of Elyvilon.
  6360 | D:8      | Noticed Psyche
  6499 | D:7      | Killed Psyche
  6499 | D:7      | Reached skill level 5 in Conjurations
  6575 | D:7      | Reached skill level 5 in Dodging
  6671 | D:8      | Gained mutation: You are resistant to electric shocks. (rElec) [mutagenic meat]
  6672 | D:8      | Gained mutation: You have large cloven feet. [mutagenic meat]
  6673 | D:8      | Lost mutation: You are frail. (-10% HP) [mutagenic meat]
  6674 | D:8      | Gained mutation: Your spells are a little harder to cast, but a little more powerful. [mutagenic meat]
  6675 | D:8      | Gained mutation: Your muscles are strong. (Str +2) [mutagenic meat]
  6790 | D:8      | Reached skill level 10 in Spellcasting
  6972 | D:8      | Found an opulent altar of Gozag.
  6994 | D:8      | Offered knowledge of Shock by Vehumet.
  6996 | D:8      | Reached ** piety under Vehumet
  7159 | D:7      | Learned a level 1 spell: Shock
  7423 | D:8      | Gained mutation: You are partially covered in iridescent scales. (AC +2) [mutagenic meat]
  7428 | D:8      | Gained mutation: You are somewhat resistant to further mutation. [mutagenic meat]
  7492 | D:8      | Reached skill level 1 in Air Magic
  7616 | D:8      | Reached XP level 10. HP: 56/56 MP: 14/26
  7974 | D:9      | Offered knowledge of Searing Ray by Vehumet.
  8107 | D:9      | Noticed Erolcha
  8117 | D:9      | Killed Erolcha
  8117 | D:9      | Reached skill level 11 in Spellcasting
  8117 | D:9      | Reached skill level 5 in Evocations
  8127 | D:9      | Noticed Joseph
  8210 | D:9      | Reached *** piety under Vehumet
  8720 | D:9      | Killed Joseph
  8773 | D:9      | Noticed a two-headed ogre
  8787 | D:9      | Killed a two-headed ogre
  8899 | D:10     | Entered Level 10 of the Dungeon
  8900 | D:10     | Reached skill level 1 in Shields
  9154 | D:10     | Slain by an efreet

Vault maps used:
D:1:      lightli_arrival_statue_moat
D:2:      kennysheep_okawaru_gauntlet, first_bread, bh_walls_and_bars,
          uniq_iyjb, uniq_natasha
D:3:      old_standard_altar
D:4:      bloody_trog, gammafunk_temple_overflow_statue,
          minmay_temple_entry_statues_pillars, serial_column_ruins,
          column_ruins_hut_water, column_ruins_courtyard_long,
          column_ruins_open_medium, column_ruins_open_small,
          column_ruins_open_tiny, column_ruins_open_medium,
          column_ruins_open_small, uniq_blork_the_orc, uniq_eustachio
D:6:      serial_shops, nicolae_shop_competitors_out_of_business,
          kennysheep_mini_moat, shop, nicolae_shop_crystal
D:7:      old_standard_altar
D:8:      grunt_gozag_breadcrumbs, uniq_psyche
D:9:      uniq_joseph, uniq_erolcha
D:10:     grunt_tengu_nest, uniq_maurice
Temple:   eino_narrow_crystal_temple

Skill      XL: |  1  2  3  4  5  6  7  8  9 10 |
---------------+-------------------------------+-----
Spellcasting   | 4 5 6 7 8 9 10 11 | 11.5
Conjurations   | 2 3 4 5 6 |  6.3
Fire Magic     | 4 5 6 7 |  7.1
Armour         | 1 2 3 |  3.7
Evocations     | 2 3 4 5 |  5.4
Fighting       | 1 2 3 |  3.7
Short Blades   | 1 2 3 4 |  4.1
Dodging        | 3 4 5 6 |  6.2
Poison Magic   | 2 3 |  3.8
Air Magic      | 1 2 |  2.6
Shields        | 1 |  1.0
Stealth        | |  2.4

Action                   |  1- 3 |  4- 6 |  7- 9 | 10-12 || total
-------------------------+-------+-------+-------+-------++-------
Melee: Dagger            |     8 |    25 |    70 |    25 ||   128
       Kick              |       |       |     3 |     8 ||    11
 Cast: Flame Tongue      |    36 |    99 |   156 |    83 ||   374
       Inner Flame       |       |     5 |     5 |     1 ||    11
       Conjure Flame     |       |     2 |     6 |     3 ||    11
       Throw Flame       |       |    12 |    30 |    10 ||    52
       Sticky Flame      |       |     2 |    29 |    12 ||    43
       Fireball          |       |       |     9 |     2 ||    11
       Sting             |       |       |    37 |       ||    37
       Shock             |       |       |     4 |    12 ||    16
  Use: Scroll            |       |    13 |     8 |     6 ||    27
       Potion            |       |       |     2 |     3 ||     5
 Stab: Sleeping          |     4 |     3 |     2 |       ||     9
       Distracted        |       |       |     1 |       ||     1
  Eat: Chunk             |       |     7 |    22 |     4 ||    33
       Fruit             |       |       |     8 |       ||     8
Armor: Robe              |     4 |    29 |    53 |    20 ||   106
Dodge: Dodged            |    15 |    59 |   137 |    43 ||   254
